 Dungeon Crawl Stone Soup version 0.19.4-8-ga85b6b9 (webtiles) character file.

451 JeffiDaFish the Shield-Bearer (level 7, -1/43 HPs)
             Began as a Gargoyle Fighter on Feb 14, 2017.
             Killed from afar by an orc wizard (3 damage)
             ... with a magic dart
             ... on level 4 of the Dungeon.
             The game lasted 00:10:28 (2712 turns).

JeffiDaFish the Shield-Bearer (Gargoyle Fighter)    Turns: 2712, Time: 00:10:29

Health: -1/43      AC: 16    Str: 26 (27) XL:     7   Next: 4%
Magic:  0/7        EV:  7    Int:  6 (9)  God:
Gold:   235        SH:  0    Dex: 10 (11) Spells: 0 memorised, 6 levels left

rFire  . . .     SeeInvis .     a - +1 flail
rCold  . . .     Gourm    .     n - +0 chain mail
rNeg   + . .     Faith    .     c - +0 shield
rPois  ∞         Spirit   +     (no helmet)
rElec  +         Reflect  .     (no cloak)
rCorr  .         Harm     .     (no gloves)
MR     .....                    (no boots)
Stlth  ..........               p - amulet of guardian spirit
                                i - +2 ring of protection
                                h - +3 ring of strength

@: confused, mighty
A: negative energy resistance 1, electricity resistance, unbreathing,
petrification resistance, rot immunity, AC +4
a: no special abilities


You were on level 4 of the Dungeon.
You were hungry.

You visited 1 branch of the dungeon, and saw 4 of its levels.

You collected 235 gold pieces.

Inventory:

Hand Weapons
 a - a +1 flail (weapon)
Armour
 c - a +0 shield (worn)
 n - a +0 chain mail (worn)
Jewellery
 h - a +3 ring of strength (left hand)
 i - a +2 ring of protection (right hand)
 p - an amulet of guardian spirit (around neck)
Scrolls
 e - a scroll of remove curse
 l - a scroll of amnesia
Potions
 b - 2 potions of agility
Comestibles
 f - 2 bread rations
 g - a chunk of flesh
 j - 2 meat rations
 k - a royal jelly


   Skills:
 + Level 4.2 Fighting
 + Level 4.5 Maces & Flails
 + Level 4.6 Armour
 + Level 1.5 Dodging
 + Level 5.0 Shields


You had 6 spell levels left.
You didn't know any spells.

Dungeon Overview and Level Annotations

Branches:
Dungeon (4/15)
 Temple: D:4-7

Altars:
Sif Muna


Innate Abilities, Weirdness & Mutations

You are resistant to torment.
Your stone body is resilient. (AC +4)
You are immune to poison.
You resist negative energy. (rN+)
You are resistant to electric shocks. (rElec)
You can survive without breathing.
You are immune to petrification.
You are immune to rotting.


Message History

A magic dart appears from out of thin air!
The magic dart hits you!
* * * LOW HITPOINT WARNING * * *
You hit the orc wizard.
The orc wizard is severely wounded.
The orc wizard gestures at you while chanting.
You are more confused.
Something hits you but does no damage.
The orc wizard hits you but does no damage.
You feel very mighty all of a sudden. Something hits you but does no damage.
The orc wizard hits you but does no damage.
You bump into the rock wall.
Something hits you but does no damage.
The orc wizard casts a spell.
The orc wizard flickers and vanishes!
You completely miss something.
You hear some strange, mumbled words.
A magic dart appears from out of thin air!
The magic dart hits you!
You die...

......#.#
#.###.#
##....)..#
..#.###.###.#
#.# ##......#
###.# #.#...#
#.# #......# #
#.###.#.###
#.# ###....# #
#.##....# #.#
#....#
###....#.##
#.# #....#
#.....##.#
#.## ######
..###.##.#
#.{# ###
#.##.... ##@#
#..###
#..##{###
##.## #..(o..#
. #..#
###.##))..!!..
#.# ##.# #.
###...... ..
#.# #. ..?...
#.##.########
.....
#............
.....
######.....#..
....


You could see an orc.

Vanquished Creatures
  2 hounds (D:4)
  3 orc priests
  Terence (D:3)
  A worker ant (D:4)
  Natasha (thrice) (D:2)
  4 gnolls (D:4)
  5 adders
  3 worms
  A dart slug (D:1)
  2 leopard geckos
  11 orcs
  2 ball pythons
  3 giant cockroaches
  11 goblins
  15 hobgoblins
  5 bats
  3 frilled lizards (D:3)
  6 kobolds
  A quokka zombie (D:4)
  3 rats
85 creatures vanquished.

Notes
Turn   | Place    | Note
-------+----------+-------------------------------------------
     0 | D:1      | JeffiDaFish the Gargoyle Fighter began the quest for the Orb.
     0 | D:1      | Reached XP level 1. HP: 14/14 MP: 1/1
   261 | D:1      | Reached XP level 2. HP: 19/19 MP: 2/2
   403 | D:2      | Noticed Natasha
   405 | D:2      | Noticed a crimson imp
   409 | D:2      | Noticed a crimson imp
   423 | D:2      | Noticed a crimson imp
   423 | D:2      | Killed Natasha
   423 | D:2      | Reached XP level 3. HP: 13/23 MP: 3/3
   568 | D:2      | Noticed Natasha
   576 | D:2      | Killed Natasha
   576 | D:2      | Reached XP level 4. HP: 19/29 MP: 4/4
   665 | D:2      | Noticed Natasha
   673 | D:2      | Killed Natasha
  1137 | D:2      | Reached skill level 1 in Dodging
  1165 | D:2      | Reached XP level 5. HP: 33/33 MP: 5/5
  1359 | D:2      | Reached skill level 4 in Shields
  1485 | D:2      | Found a deep blue altar of Sif Muna.
  1765 | D:3      | Noticed Terence
  1804 | D:3      | Killed Terence
  1999 | D:3      | Reached XP level 6. HP: 35/38 MP: 6/6
  2674 | D:4      | Reached skill level 5 in Shields
  2674 | D:4      | Reached XP level 7. HP: 19/43 MP: 3/7
  2708 | D:4      | HP: 1/43 [something/magic dart (5)]
  2712 | D:4      | Killed from afar by an orc wizard

Skill      XL: |  1  2  3  4  5  6 |
---------------+-------------------+-----
Maces & Flails | 3 4 |  4.5
Armour         | 4 |  4.6
Dodging        | 1 |  1.5
Shields        | 4 5 |  5.0
Fighting       | 4 |  4.2

Action                   |  1- 3 |  4- 6 |  7- 9 || total
-------------------------+-------+-------+-------++-------
Melee: Flail             |    63 |   268 |    22 ||   353
  Use: Scroll            |     4 |     3 |       ||     7
       Potion            |     2 |     6 |     2 ||    10
  Eat: Chunk             |       |     6 |       ||     6
Armor: Scale mail        |    43 |    24 |       ||    67
       Chain mail        |       |   102 |    32 ||   134
Dodge: Dodged            |    16 |    89 |     1 ||   106
Block: Shield            |    43 |   153 |     4 ||   200
